[Event "Titled Tuesday Blitz February 21 Late 2023"]
[White "Preotu, Razvan"]
[Black "Abdyzhaparov, Aidar"]
[WhiteFideId "2613280"]
[BlackFideId "13800361"]
[WhiteElo "2475"]
[BlackElo "1978"]
[Result "1-0"]
[Round "01"]
[TimeControl "180+2"]
[Date "2023.02.21"]
[WhiteClock "0:00:03"]
[BlackClock "0:00:31"]

1. e4 d6 2. d4 Nf6 3. Nc3 e5 4. Nf3 Nbd7 5. Bc4 Be7 6. O-O O-O 7. a4 c6 8. Re1 b6 9. h3 a6 10. Ba2 Rb8 11. Be3 b5 12. axb5 axb5 13. b4 Qc7 14. Qd3 Nb6 15. Ne2 Nc4 16. Bxc4 bxc4 17. Qxc4 Nxe4 18. d5 Nf6 19. Ra7 Rb7 20. Rxb7 Bxb7 21. dxc6 Qxc6 22. Qxc6 Bxc6 23. c4 Rb8 24. Rb1 Be4 25. Rb2 Bxf3 26. gxf3 d5 27. c5 d4 28. Bc1 Nd5 29. c6 Rxb4 30. Rxb4 Bxb4 31. Ng3 Bd6 32. f4 f6 33. fxe5 fxe5 34. Ne4 Bc7 35. Ba3 h6 36. Nd6 Bxd6 37. Bxd6 d3 38. Kf1 e4 39. c7 Nb6 40. Bc5 Nc8 41. Ke1 Kf7 42. Kd2 Ke6 43. f3 Kd5 44. Bf8 g6 45. fxe4+ Kxe4 46. Bxh6 Nd6 47. Bg5 Nc8 48. Be3 Nd6 49. Bg1 Nc4+ 50. Kd1 Nd6 51. Bh2 Nc8 52. h4 Kf3 53. Kd2 Kg4 54. Kxd3 Kxh4 55. Kc4 Kh3 56. Be5 g5 57. Kd5 g4 58. Ke6 g3 59. Bd4 g2 60. Kd7 Na7 61. Bxa7 g1=Q 62. Bxg1 Kg2 63. c8=Q 1-0


[Site "https://www.chess.com"]

[Event "Titled Tuesday Blitz February 21 Late 2023"]
[White "Delgado Rosas, Fatima Alexandra"]
[Black "Jaracz, Pawel"]
[WhiteFideId "6603963"]
[BlackFideId "1102222"]
[WhiteElo "1500"]
[BlackElo "2467"]
[Result "0-1"]
[Round "01"]
[TimeControl "180+2"]
[Date "2023.02.21"]
[WhiteClock "0:00:15"]
[BlackClock "0:00:11"]

1. d4 Nf6 2. c4 c5 3. e3 e6 4. Nc3 cxd4 5. exd4 d5 6. Nf3 Bb4 7. a3 Bxc3+ 8. bxc3 O-O 9. Bd3 b6 10. O-O Ba6 11. cxd5 Bxd3 12. Qxd3 Qxd5 13. Bg5 Nbd7 14. c4 Qe4 15. Rfd1 Rac8 16. Rac1 Qxd3 17. Rxd3 h6 18. Bxf6 Nxf6 19. Ne5 Rfd8 20. Rcd1 Ne4 21. f3 Nd6 22. d5 Nxc4 23. dxe6 Rxd3 24. exf7+ Kf8 25. Nxd3 Nxa3 26. Ne5 Nc4 27. Ng4 Rc7 28. h4 Kxf7 29. Rd4 b5 30. h5 a5 31. Rd5 Rb7 32. Nf2 a4 33. Nd3 a3 34. Nb4 Ke6 35. Rc5 Nd6 36. Kh2 Ra7 37. Rc2 Ra4 38. Na2 b4 39. Re2+ Kd5 40. Nc1 Kc4 41. Rc2+ Kb5 42. Kg3 Nc4 43. Re2 Ra5 44. Kf4 Ka4 45. g4 b3 46. Re4 Kb4 47. Nd3+ Kc3 48. Nf2 a2 49. Nd1+ Kd3 50. Rxc4 Kxc4 51. Ne3+ Kb4 52. Nf5 a1=Q 53. Nxg7 Qe5# 0-1


[Site "https://www.chess.com"]

[Event "Titled Tuesday Blitz February 21 Late 2023"]
[White "UnknownMagician"]
[Black "Kovalevsky, Stanislav"]
[BlackFideId "13508598"]
[WhiteElo "2683"]
[BlackElo "2237"]
[Result "0-1"]
[Round "01"]
[TimeControl "180+2"]
[Date "2023.02.21"]
[WhiteClock "0:01:24"]
[BlackClock "0:00:37"]

1. c4 e6 2. Nc3 d5 3. e3 Nf6 4. Nf3 c5 5. cxd5 exd5 6. d4 Nc6 7. Be2 cxd4 8. Nxd4 Bd6 9. O-O O-O 10. b3 Be5 11. Nxc6 bxc6 12. Bb2 Ne4 13. Rc1 Qh4 14. g3 Nxg3 15. f4 Nxf1 16. Qxf1 Bh3 17. Qf2 Bf6 18. Qxh4 Bxh4 19. Na4 Rfe8 20. Bd4 Re6 21. Bd3 f5 22. Rc2 Rg6+ 23. Kh1 Bg4 24. h3 Bf3+ 25. Kh2 Bg3+ 26. Kg1 Bxf4+ 27. Kf2 Be4 28. Bxe4 Bg3+ 0-1


[Site "https://www.chess.com"]

[Event "Titled Tuesday Blitz February 21 Late 2023"]
[White "Jarocka, Liwia"]
[Black "Timmermans, Mark"]
[WhiteFideId "21807558"]
[BlackFideId "1026399"]
[WhiteElo "2225"]
[BlackElo "2392"]
[Result "1/2-1/2"]
[Round "01"]
[TimeControl "180+2"]
[Date "2023.02.21"]
[WhiteClock "0:01:37"]
[BlackClock "0:01:25"]

1. e4 e5 2. Nf3 Nc6 3. Bc4 Nf6 4. d3 Be7 5. c3 O-O 6. O-O d5 7. exd5 Nxd5 8. Re1 Bg4 9. h3 Bh5 10. Bb3 Nf4 11. Bxf4 exf4 12. d4 Bd6 13. Nbd2 Kh8 14. Qb1 f5 15. Qd3 Bg6 16. Nc4 Re8 17. Rxe8+ Qxe8 18. Re1 Qf8 19. Nce5 Nxe5 20. Nxe5 Re8 21. Nxg6+ hxg6 22. Rxe8 Qxe8 23. Kf1 Kh7 24. Qe2 Qxe2+ 25. Kxe2 g5 26. f3 Kg6 27. Kd3 Kf6 28. Bd5 c6 29. Bb3 Ke7 30. Bc2 Bc7 31. b3 Ke6 32. c4 Bd8 33. b4 Be7 34. a3 a5 35. Bb3 Kf6 36. c5 axb4 37. axb4 Bd8 38. d5 cxd5 39. Bxd5 b6 40. cxb6 Bxb6 41. b5 Ke5 42. Bc6 Kd6 43. Kc4 Bf2 44. Be8 g4 45. hxg4 fxg4 46. fxg4 g5 47. Bc6 Kc7 48. Kd5 Kb6 49. Ke6 Bh4 50. Kf6 Kc7 51. Kf5 Kb6 52. Ke6 Bg3 53. Kf5 Bh4 54. Ke5 Bg3 55. Kf6 Bh4 56. Ke6 Bg3 57. Ke5 Bh4 58. Ke4 Bg3 59. Kd5 Bh4 60. Ke6 1/2-1/2


[Site "https://www.chess.com"]

[Event "Titled Tuesday Blitz February 21 Late 2023"]
[White "Perske, Thore"]
[Black "Kovacs, Klara"]
[WhiteFideId "12902195"]
[BlackFideId "733210"]
[WhiteElo "2448"]
[BlackElo "2121"]
[Result "1-0"]
[Round "01"]
[TimeControl "180+2"]
[Date "2023.02.21"]
[WhiteClock "0:02:13"]
[BlackClock "0:00:13"]

1. e4 e6 2. d4 d5 3. Nd2 Be7 4. Bd3 Nf6 5. e5 Nfd7 6. c3 c5 7. Ne2 Nc6 8. f4 g6 9. Nf3 O-O 10. h4 h5 11. a3 cxd4 12. cxd4 a5 13. b3 b6 14. Qc2 Bb7 15. Bxg6 Rc8 16. Qb1 Na7 17. Bxh5 Nb5 18. Bb2 Ba6 19. Ng5 f5 20. Nxe6 Bxh4+ 21. g3 Qe7 22. Nxf8 Nxf8 23. Rxh4 Qe6 24. Bf3 Bb7 25. Rh5 1-0


[Site "https://www.chess.com"]

[Event "Titled Tuesday Blitz February 21 Late 2023"]
[White "Skaric, Djuro"]
[Black "Aydincelebi, Kagan"]
[WhiteFideId "934569"]
[BlackFideId "6361102"]
[WhiteElo "2334"]
[BlackElo "2280"]
[Result "1-0"]
[Round "01"]
[TimeControl "180+2"]
[Date "2023.02.21"]
[WhiteClock "0:01:37"]
[BlackClock "0:00:20"]

1. g3 d5 2. Bg2 e5 3. d3 Nf6 4. Nf3 Bd6 5. O-O O-O 6. Nc3 c6 7. e4 Re8 8. h3 h6 9. Nd2 Bf8 10. f4 exf4 11. gxf4 dxe4 12. dxe4 Bc5+ 13. Kh2 Be6 14. e5 Nd5 15. Nde4 Bf8 16. a3 Nxc3 17. Nxc3 Bf5 18. Qe2 Nd7 19. Be3 Qc7 20. Qf2 Rad8 21. Rad1 b6 22. Rd2 Nc5 23. Rfd1 Rxd2 24. Rxd2 Ne6 25. Qf3 Rc8 26. Ne4 Rd8 27. Rf2 c5 28. Qg3 Kh8 29. c3 Rd3 30. Re2 Qd8 31. Nf2 Rd7 32. Be4 Bxe4 33. Nxe4 Qa8 34. Qg2 Qb8 35. Ng3 Rd3 36. Qe4 Qd8 37. f5 Nc7 38. f6 Ne6 39. fxg7+ Bxg7 40. Nf5 Qd5 41. Bxh6 1-0


[Site "https://www.chess.com"]

[Event "Titled Tuesday Blitz February 21 Late 2023"]
[White "Sokolovsky, Yahli"]
[Black "Melikhov, Evgeny V."]
[WhiteFideId "2820242"]
[BlackFideId "4122046"]
[WhiteElo "2461"]
[BlackElo "2269"]
[Result "1-0"]
[Round "01"]
[TimeControl "180+2"]
[Date "2023.02.21"]
[WhiteClock "0:00:15"]
[BlackClock "0:00:15"]

1. b3 e5 2. Bb2 Nc6 3. e3 a6 4. c4 d5 5. Nf3 e4 6. Nd4 Nxd4 7. Bxd4 h5 8. cxd5 Bg4 9. Qc2 Qxd5 10. Nc3 Qd7 11. Qxe4+ Ne7 12. Qxb7 Qc6 13. Qxc6+ Nxc6 14. Bc4 Nxd4 15. exd4 O-O-O 16. Bxa6+ Kb8 17. f3 Bf5 18. d5 h4 19. d3 Bb4 20. Kd2 Rxd5 21. a3 Bxc3+ 22. Kxc3 Rhd8 23. Rhd1 c5 24. Bc4 R5d7 25. Rd2 f6 26. Re1 g5 27. Re3 Rd6 28. Rde2 h3 29. g3 g4 30. f4 Bc8 31. a4 Bb7 32. Re6 Bf3 33. Rxd6 Rxd6 34. Re6 Rxe6 35. Bxe6 Kc7 36. d4 Kd6 37. Bf5 Be2 38. Be4 Bf3 39. dxc5+ Kxc5 40. Bxf3 gxf3 41. Kd3 Kb4 42. Ke3 Kxb3 43. a5 Kc2 44. a6 Kd1 45. Kf2 Kd2 46. a7 1-0


[Site "https://www.chess.com"]

[Event "Titled Tuesday Blitz February 21 Late 2023"]
[White "Gerbelli Neto, Eduardo"]
[Black "Alex_Sahakyan2006"]
[WhiteFideId "2103281"]
[WhiteElo "2114"]
[BlackElo "2654"]
[Result "1-0"]
[Round "01"]
[TimeControl "180+2"]
[Date "2023.02.21"]
[WhiteClock "0:00:10"]
[BlackClock "0:00:01"]

1. e4 Nc6 2. d4 d5 3. Nc3 dxe4 4. d5 Nb8 5. Qd4 c6 6. Be3 Nf6 7. O-O-O cxd5 8. Bb5+ Nc6 9. Nxd5 Qxd5 10. Qxd5 Nxd5 11. Rxd5 Bd7 12. Ne2 e6 13. Rd2 a6 14. Ba4 Bb4 15. c3 Ba5 16. Rhd1 O-O-O 17. Ng3 b5 18. Bc2 b4 19. Bxe4 bxc3 20. bxc3 Ne5 21. Bf4 Nc4 22. Rd4 Bb5 23. Rxd8+ Rxd8 24. Rxd8+ Kxd8 25. Kc2 Ba4+ 26. Kd3 Nb2+ 27. Kd2 Nc4+ 28. Kd3 Nb2+ 29. Kd4 g6 30. Bd6 Kd7 31. Bc5 Nd1 32. Bb4 1-0


[Site "https://www.chess.com"]

[Event "Titled Tuesday Blitz February 21 Late 2023"]
[White "Darini, Pouria"]
[Black "Rios Escobar, Adan"]
[WhiteFideId "12502200"]
[BlackFideId "3403645"]
[WhiteElo "2401"]
[BlackElo "2234"]
[Result "1-0"]
[Round "01"]
[TimeControl "180+2"]
[Date "2023.02.21"]
[WhiteClock "0:00:16"]
[BlackClock "0:00:02"]

1. e4 c5 2. Nf3 d6 3. d4 cxd4 4. Nxd4 Nf6 5. Nc3 a6 6. a4 g6 7. Be2 Bg7 8. Be3 O-O 9. a5 Nc6 10. Nxc6 bxc6 11. O-O c5 12. e5 dxe5 13. Qxd8 Rxd8 14. Bxc5 Kf8 15. Rfd1 Bb7 16. Bb6 Rxd1+ 17. Rxd1 Ke8 18. Na4 Nd7 19. Rxd7 Kxd7 20. Nc5+ Kc8 21. Nxb7 Kxb7 22. Bf3+ Kb8 23. Bxa8 Kxa8 24. c4 e4 25. b4 Kb7 26. b5 Bc3 27. Kf1 e5 28. Ke2 Bd4 29. Bd8 f5 30. f3 exf3+ 31. gxf3 h5 32. h3 Bc5 33. Kd3 Bb4 34. Bb6 Be7 35. Kc3 Bf8 36. Kd3 Be7 37. Ke3 Bh4 38. Kd3 Bf6 39. Bc5 Bd8 40. Bb4 Bc7 41. Bc3 Bd6 42. Bd2 Bc5 43. Ke2 Bd4 44. Kd3 Bc5 45. Be1 Be7 46. Bg3 Bf6 47. Be1 Be7 48. Bd2 Bd6 49. Ke2 Bc5 50. Bc3 Bd6 51. Kd3 Bc7 52. Ke2 Bb8 53. Bb4 Bc7 54. Kf2 Bd8 55. Ke3 Bg5+ 56. Ke2 Bf6 57. Bc3 Bg7 58. f4 Bf6 59. Bxe5 Be7 60. Bc3 Bc5 61. Kf3 Bd6 62. Bd2 Be7 63. Kg3 Bd8 64. Kg2 Be7 65. Kf3 Bd8 66. Ke2 Bc7 67. Kd3 Bd6 68. Kd4 Bc7 69. Kd5 Bd8 70. b6 g5 71. fxg5 h4 72. c5 Be7 73. c6+ Kb8 74. b7 Kc7 75. Bf4+ Kd8 76. b8=Q# 1-0


[Site "https://www.chess.com"]

[Event "Titled Tuesday Blitz February 21 Late 2023"]
[White "Lucassen, Mickey"]
[Black "Ozer, Omer Faruk"]
[WhiteFideId "12919110"]
[BlackFideId "6354564"]
[WhiteElo "2023"]
[BlackElo "2360"]
[Result "0-1"]
[Round "01"]
[TimeControl "180+2"]
[Date "2023.02.21"]
[WhiteClock "0:00:20"]
[BlackClock "0:00:33"]

1. d4 d5 2. Nf3 Nf6 3. g3 g6 4. Bg2 Bg7 5. O-O O-O 6. c4 dxc4 7. Na3 c3 8. bxc3 c5 9. Bb2 a6 10. Nc4 Qc7 11. Nce5 Nbd7 12. a4 Rd8 13. Qb3 Nxe5 14. Nxe5 Be6 15. Qa3 Rac8 16. a5 Bd5 17. Rfd1 Bxg2 18. Kxg2 Nd5 19. Nf3 e6 20. Rac1 Bh6 21. e3 Nf6 22. Ne5 Bf8 23. Qa4 Bd6 24. Nd3 c4 25. Nf4 Bxf4 26. exf4 Rd5 27. Ra1 Rb5 28. Rdb1 Qc6+ 29. f3 Nd5 30. Kf2 b6 31. axb6 Qxb6 32. Qc2 Rb8 33. Ra2 Rb3 34. Ke2 Nxc3+ 35. Bxc3 Rxb1 36. Qe4 Qb3 37. Rc2 Rh1 38. Ke3 Re1+ 0-1


[Site "https://www.chess.com"]

[Event "Titled Tuesday Blitz February 21 Late 2023"]
[White "Fiorito, Joaquin"]
[Black "Benmesbah, Natacha"]
[WhiteFideId "180173"]
[BlackFideId "642002"]
[WhiteElo "2405"]
[BlackElo "2261"]
[Result "1-0"]
[Round "01"]
[TimeControl "180+2"]
[Date "2023.02.21"]
[WhiteClock "0:01:20"]
[BlackClock "0:00:42"]

1. d4 Nf6 2. Nc3 d6 3. e4 e5 4. Nf3 Nbd7 5. Bc4 Be7 6. O-O O-O 7. Re1 a6 8. a4 b6 9. h3 Bb7 10. b3 c6 11. Bb2 b5 12. Bd3 exd4 13. Nxd4 Ne5 14. f4 Nxd3 15. Qxd3 c5 16. Nf5 c4 17. Nxe7+ Qxe7 18. bxc4 bxc4 19. Qxc4 Rac8 20. Qd4 Rc5 21. Rad1 Rc6 22. Nd5 Qe6 23. Nxf6+ Qxf6 24. Qxf6 gxf6 25. Bxf6 Rxc2 26. Rxd6 Re8 27. Rd3 Kf8 28. Rd4 Rec8 29. Red1 Ke8 30. Rd8+ 1-0


[Site "https://www.chess.com"]

[Event "Titled Tuesday Blitz February 21 Late 2023"]
[White "Koziol, Kamil"]
[Black "Mihajlov, Sebastian"]
[WhiteFideId "1161555"]
[BlackFideId "1512110"]
[WhiteElo "2286"]
[BlackElo "2373"]
[Result "1-0"]
[Round "01"]
[TimeControl "180+2"]
[Date "2023.02.21"]
[WhiteClock "0:00:15"]
[BlackClock "0:00:07"]

1. e4 g6 2. d4 Bg7 3. Nc3 d6 4. Be3 a6 5. Qd2 b5 6. f3 Bb7 7. h4 h5 8. O-O-O Nf6 9. Nh3 Nbd7 10. Ng5 e6 11. Bd3 Nb6 12. Ne2 Qe7 13. Nf4 e5 14. dxe5 dxe5 15. Bxb6 cxb6 16. Nd5 Nxd5 17. exd5 O-O-O 18. Qf2 Kc7 19. c4 bxc4 20. Bxc4 Bh6 21. f4 exf4 22. d6+ Rxd6 23. Rxd6 Qxd6 24. Nxf7 f3+ 25. Kb1 fxg2 26. Re1 Qf4 27. Qxf4+ Bxf4 28. Nxh8 Bd2 29. Rg1 Be4+ 30. Ka1 g5 31. hxg5 Bxg5 32. Bf1 gxf1=Q+ 33. Rxf1 h4 34. Nf7 Be7 35. Re1 h3 36. Rxe4 h2 37. Rxe7+ Kc6 38. Re1 1-0


[Site "https://www.chess.com"]

[Event "Titled Tuesday Blitz February 21 Late 2023"]
[White "Averjanov, Alexey"]
[Black "Vaglio Munoz, Jaime"]
[WhiteFideId "14109867"]
[BlackFideId "6500145"]
[WhiteElo "2399"]
[BlackElo "2174"]
[Result "1-0"]
[Round "01"]
[TimeControl "180+2"]
[Date "2023.02.21"]
[WhiteClock "0:00:25"]
[BlackClock "0:00:06"]

1. d4 c6 2. c4 b5 3. cxb5 cxb5 4. e4 Bb7 5. Bd3 Nf6 6. Qe2 Nc6 7. Nf3 Nb4 8. Nbd2 Nxd3+ 9. Qxd3 a6 10. O-O e6 11. b3 d5 12. e5 Ne4 13. Bb2 Bb4 14. a3 Be7 15. b4 O-O 16. Nb3 f5 17. exf6 Bxf6 18. Rfe1 Qd6 19. Nc5 Ra7 20. Ne5 Bxe5 21. dxe5 Nxc5 22. bxc5 Qxc5 23. Bd4 Qe7 24. Bxa7 d4 25. Bxd4 Qh4 26. Bc5 Rf5 27. Rad1 Bd5 28. Qg3 Qh6 29. Be3 Qh5 30. f3 h6 31. Bd2 Qf7 32. Rc1 Kh7 33. h4 Bxf3 34. gxf3 Rxf3 35. Qg2 Qh5 36. Rc7 Rf7 37. Qe4+ Kg8 38. Rc8+ Rf8 39. Rxf8+ Kxf8 40. Rf1+ Kg8 41. Bb4 g6 42. Rf8+ Kg7 43. Qb7# 1-0


[Site "https://www.chess.com"]

[Event "Titled Tuesday Blitz February 21 Late 2023"]
[White "Cepo, Toni"]
[Black "Gascon Del Nogal, Jose Rafael"]
[WhiteFideId "4675916"]
[BlackFideId "3902463"]
[WhiteElo "2145"]
[BlackElo "2459"]
[Result "0-1"]
[Round "01"]
[TimeControl "180+2"]
[Date "2023.02.21"]
[WhiteClock "0:02:45"]
[BlackClock "0:02:36"]

1. e4 c5 2. Nf3 d6 3. d4 cxd4 4. Nxd4 Nf6 5. Bb5+ Bd7 6. Bxd7+ Nbxd7 7. Nc3 g6 8. O-O Bg7 9. Be3 O-O 10. f3 Rc8 11. Qd2 Ne5 12. Qe2 Nc4 13. Rab1 Nxe3 14. Qxe3 Qb6 15. Rfe1 Ng4 0-1


[Site "https://www.chess.com"]

[Event "Titled Tuesday Blitz February 21 Late 2023"]
[White "Postnikov, Daniil"]
[Black "Smith, Garrett L"]
[WhiteFideId "4166329"]
[BlackFideId "2024829"]
[WhiteElo "2360"]
[BlackElo "2047"]
[Result "0-1"]
[Round "01"]
[TimeControl "180+2"]
[Date "2023.02.21"]
[WhiteClock "0:00:04"]
[BlackClock "0:00:12"]

1. e4 c5 2. a3 g6 3. h4 h5 4. Bc4 Nc6 5. Nf3 Bg7 6. Nc3 Nf6 7. d3 d6 8. Ng5 O-O 9. Ba2 Nd4 10. Ne2 e6 11. Nf4 Nh7 12. c3 Nxg5 13. hxg5 Nc6 14. Nxh5 gxh5 15. Qxh5 Re8 16. Qh7+ Kf8 17. g6 Ne5 18. Bh6 Qf6 19. Qh8+ Ke7 20. Qxg7 Nxd3+ 21. Kd2 Qxg7 22. Bxg7 Nxf2 23. Rh4 Rg8 24. Bh6 Rxg6 25. Rf1 Ng4 26. Bf4 Ne5 27. g3 Bd7 28. Rh7 Rf8 29. Rf2 b5 30. Rfh2 Ng4 31. Rh1 c4 32. Rf1 Bc6 33. Bh6 Rxh6 34. Rg7 Rg6 35. Rxg6 fxg6 0-1


[Site "https://www.chess.com"]

[Event "Titled Tuesday Blitz February 21 Late 2023"]
[White "Bhavikatti, Neil"]
[Black "Domingo Nunez, Ruben"]
[WhiteFideId "30935024"]
[BlackFideId "22245570"]
[WhiteElo "2051"]
[BlackElo "2416"]
[Result "1-0"]
[Round "01"]
[TimeControl "180+2"]
[Date "2023.02.21"]
[WhiteClock "0:00:11"]
[BlackClock "0:00:01"]

1. d4 g6 2. c4 Bg7 3. Nc3 d6 4. Nf3 Nd7 5. g3 Ngf6 6. Bg2 O-O 7. O-O c5 8. b3 Rb8 9. Bb2 a6 10. Qd2 b5 11. cxb5 axb5 12. dxc5 Nxc5 13. Nd4 Bd7 14. Nc6 Bxc6 15. Bxc6 Qa5 16. Ne4 Qxd2 17. Nxd2 Rfc8 18. Bf3 e5 19. Rac1 Bh6 20. Rcd1 Rb6 21. Nb1 Ra6 22. Nc3 b4 23. Nb5 Rxa2 24. Nxd6 Rxb2 25. Nxc8 e4 26. Bg2 Nxb3 27. Ne7+ Kg7 28. Rb1 Rxb1 29. Rxb1 Nd4 30. Rxb4 Nxe2+ 31. Kf1 Nc3 32. Rc4 Nb1 33. Ke2 Nd2 34. Ra4 Nb1 35. Rc4 Nd2 36. Rc7 Nb3 37. Nc6 Nd5 38. Rd7 Nc3+ 39. Kf1 Kf6 40. Nd8 Nd2+ 41. Kg1 Ne2+ 42. Kh1 e3 43. Rxf7+ Ke5 44. fxe3 Bxe3 45. Nc6+ Kd6 46. Rxh7 Nc3 47. Rg7 g5 48. Rg6+ Kc5 49. Ne5 Nd1 50. Ng4 Bd4 51. Rxg5+ Kd6 52. Rf5 Bb6 53. Rf6+ Kc5 54. Rc6+ Kb5 55. Rd6 Ba5 56. h4 Bb4 57. Rd5+ Kc4 58. Rd8 Kc3 59. h5 Nb2 60. h6 Be7 61. Rd7 Bf8 62. h7 1-0


[Site "https://www.chess.com"]

[Event "Titled Tuesday Blitz February 21 Late 2023"]
[White "Risteski, Emil"]
[Black "Pino Perez, Lazaro"]
[WhiteFideId "15005267"]
[BlackFideId "3517055"]
[WhiteElo "2366"]
[BlackElo "2142"]
[Result "1-0"]
[Round "01"]
[TimeControl "180+2"]
[Date "2023.02.21"]
[WhiteClock "0:01:08"]
[BlackClock "0:00:01"]

1. Nf3 c5 2. g3 g6 3. Bg2 Bg7 4. O-O Nc6 5. e4 d6 6. c3 e5 7. Na3 Nge7 8. Nc2 O-O 9. d4 cxd4 10. cxd4 Bg4 11. Be3 d5 12. exd5 Nxd5 13. dxe5 Nxe5 14. Bd4 Nxf3+ 15. Bxf3 Bxf3 16. Qxf3 Bxd4 17. Nxd4 Qb6 18. Rad1 Rad8 19. Nf5 gxf5 20. Rxd5 Rxd5 21. Qxd5 Qxb2 22. Re1 b6 23. Re5 Rc8 24. Rxf5 Qc1+ 25. Kg2 Qc6 26. Qxc6 Rxc6 27. Rf3 a5 28. Rb3 Kf8 29. h4 Ke7 30. h5 Kd7 31. g4 Kc7 32. Rf3 f6 33. Rf5 a4 34. Kg3 Kb7 35. f4 Ka6 36. g5 fxg5 37. fxg5 b5 38. Rf7 b4 39. Rf6 Kb5 40. Rxc6 Kxc6 41. g6 b3 42. gxh7 b2 43. h8=Q b1=Q 44. Qe8+ Kc7 45. Qe7+ Kc8 46. Qf8+ Kc7 47. Qf4+ Kd8 48. Qf8+ Kc7 49. Qf7+ Kd8 50. h6 Qd3+ 51. Kh4 Qe4+ 52. Kg5 Qg2+ 53. Kf6 Qf3+ 54. Kg7 1-0


[Site "https://www.chess.com"]

[Event "Titled Tuesday Blitz February 21 Late 2023"]
[White "Paspuel, Trosky"]
[Black "Klose, Eli"]
[WhiteFideId "3602150"]
[BlackFideId "16242955"]
[WhiteElo "1721"]
[BlackElo "1519"]
[Result "0-1"]
[Round "01"]
[TimeControl "180+2"]
[Date "2023.02.21"]
[WhiteClock "0:00:05"]
[BlackClock "0:00:12"]

1. c4 Nf6 2. Nc3 c5 3. g3 Nc6 4. Bg2 d6 5. a3 g6 6. Rb1 Bg7 7. b4 O-O 8. Nf3 Rb8 9. O-O b6 10. e3 Bb7 11. d3 cxb4 12. axb4 d5 13. cxd5 Nxd5 14. Nxd5 Qxd5 15. Nd4 Qd7 16. Nxc6 Bxc6 17. Bxc6 Qxc6 18. Bb2 e5 19. Qb3 Rfd8 20. Rfd1 Qb5 21. Qc4 Qd5 22. e4 Qd7 23. b5 Rbc8 24. Qb3 Rc7 25. Kg2 h5 26. h4 Qc8 27. Rbc1 Rxc1 28. Rxc1 Qd7 29. Rc3 Bf8 30. Rc6 Bd6 31. Qd5 Qe7 32. Qc4 Kg7 33. Kh2 Bc5 34. Kg2 Rd6 35. f4 Rxc6 36. bxc6 f6 37. fxe5 fxe5 38. Qd5 Kf6 39. Kf3 Qe6 40. c7 Qg4+ 41. Kg2 Qe2+ 42. Kh3 Qf1+ 43. Kh2 Qg1+ 44. Kh3 Qh1# 0-1


[Site "https://www.chess.com"]

[Event "Titled Tuesday Blitz February 21 Late 2023"]
[White "Mustafayev, Farid"]
[Black "Roman, Rodrigo"]
[WhiteFideId "13408771"]
[BlackFideId "3701220"]
[WhiteElo "2316"]
[BlackElo "2058"]
[Result "1-0"]
[Round "01"]
[TimeControl "180+2"]
[Date "2023.02.21"]
[WhiteClock "0:01:42"]
[BlackClock "0:01:28"]

1. Nf3 d5 2. g3 Nf6 3. Bg2 c5 4. O-O Nc6 5. d4 cxd4 6. Nxd4 e5 7. Nxc6 bxc6 8. c4 Bc5 9. Nc3 Be6 10. Bg5 e4 11. cxd5 cxd5 12. Rc1 Kf8 13. Nxe4 dxe4 14. Rxc5 Qb6 15. Qc2 h6 16. Be3 Rb8 17. b3 Qb4 18. Rc7 a5 19. Bc5+ 1-0


[Site "https://www.chess.com"]

[Event "Titled Tuesday Blitz February 21 Late 2023"]
[White "Fajdetic, Hrvoje"]
[Black "Panesso Rivera, Henry"]
[WhiteFideId "14501945"]
[BlackFideId "4402707"]
[WhiteElo "2151"]
[BlackElo "2342"]
[Result "0-1"]
[Round "01"]
[TimeControl "180+2"]
[Date "2023.02.21"]
[WhiteClock "0:00:03"]
[BlackClock "0:00:10"]

1. d4 Nf6 2. Bf4 c5 3. e3 d5 4. Nc3 cxd4 5. exd4 a6 6. Bd3 Bg4 7. Nce2 Nc6 8. c3 e6 9. h3 Bh5 10. g4 Bg6 11. Nf3 Bd6 12. Bg5 b5 13. Ng3 Qc7 14. Bxf6 gxf6 15. Rg1 Kd7 16. h4 Bxg3 17. Rxg3 Bxd3 18. Qxd3 h5 19. g5 f5 20. O-O-O Qf4+ 21. Qd2 Qxd2+ 22. Kxd2 b4 23. g6 f6 24. Re1 bxc3+ 25. bxc3 Rab8 26. Ng1 Rb2+ 27. Ke3 Na5 28. Ne2 e5 29. f4 Nc4+ 30. Kf2 e4 31. g7 Rg8 32. Reg1 Nd2 33. Rh3 Nf3 34. Rhg3 Ke6 35. Rg6 Kf7 36. R1g3 Nh2 37. Rh6 Ng4+ 38. Rxg4 hxg4 39. h5 Kxg7 40. Rg6+ Kf7 41. Rh6 Rxa2 42. Ke3 g3 43. Rg6 g2 44. Rxg8 Kxg8 45. Kf2 Rxe2+ 46. Kxe2 g1=Q 47. Kd2 Qf2+ 48. Kc1 e3 49. h6 Qd2+ 50. Kb1 e2 51. h7+ Kxh7 52. c4 e1=Q# 0-1


[Site "https://www.chess.com"]

[Event "Titled Tuesday Blitz February 21 Late 2023"]
[White "Martinez Ramirez, Lennis"]
[Black "mohsengabr2002"]
[WhiteFideId "3509079"]
[WhiteElo "2426"]
[BlackElo "2349"]
[Result "1-0"]
[Round "01"]
[TimeControl "180+2"]
[Date "2023.02.21"]
[WhiteClock "0:01:41"]
[BlackClock "0:00:02"]

1. d4 g6 2. e4 Bg7 3. Nc3 d6 4. Nf3 Nc6 5. h3 e5 6. d5 Nce7 7. g4 f5 8. gxf5 gxf5 9. Rg1 Bf6 10. Bb5+ c6 11. dxc6 bxc6 12. Bd3 Qb6 13. Ng5 h5 14. exf5 d5 15. Ne6 e4 16. Be2 Nxf5 17. Bxh5+ Ke7 18. Nf4 e3 19. Nfxd5+ cxd5 20. Nxd5+ Kf8 21. Nxb6 exf2+ 22. Kxf2 axb6 23. c3 Nge7 24. Bf3 Ra5 25. Qd8+ Kf7 26. Qxb6 Re5 27. Bf4 Bh4+ 28. Kf1 Re6 29. Qb3 Ba6+ 30. c4 Rc8 31. Rc1 Rec6 32. Bxc6 Rxc6 33. Qd3 Rf6 34. Rg4 Nc6 35. Kg2 Ncd4 36. Rxh4 Nxh4+ 37. Kg3 Ndf5+ 38. Kh2 Bb7 39. Rf1 Kg6 40. Rg1+ Kh5 41. Rg5+ Kh6 42. Rxf5+ Kg7 43. Qd7+ 1-0


[Site "https://www.chess.com"]

[Event "Titled Tuesday Blitz February 21 Late 2023"]
[White "Guzman Moneo, Alberto"]
[Black "Kanakaris, Georgios"]
[WhiteFideId "2209616"]
[BlackFideId "4209460"]
[WhiteElo "2170"]
[BlackElo "2391"]
[Result "0-1"]
[Round "01"]
[TimeControl "180+2"]
[Date "2023.02.21"]
[WhiteClock "0:00:44"]
[BlackClock "0:00:36"]

1. e4 e6 2. d3 d5 3. Nd2 Nf6 4. Ngf3 c5 5. g3 Nc6 6. Bg2 Qc7 7. O-O Be7 8. Re1 b6 9. exd5 exd5 10. d4 O-O 11. dxc5 bxc5 12. Nb3 Bg4 13. Bf4 Qb6 14. a4 a5 15. h3 Bh5 16. g4 Bg6 17. Ne5 Nxe5 18. Bxe5 Rfe8 19. h4 h6 20. f4 Be4 21. g5 hxg5 22. hxg5 Nh7 23. Rxe4 dxe4 24. Bxe4 Rad8 25. Qh5 g6 26. Qh3 Bd6 27. Bxd6 Rxd6 28. c4 Rxe4 29. Qc8+ Rd8 30. Qxc5 Qxb3 0-1


[Site "https://www.chess.com"]

[Event "Titled Tuesday Blitz February 21 Late 2023"]
[White "Skvortsov, Andrei"]
[Black "Polanco Nunez, Yoel Estarling"]
[WhiteFideId "24108600"]
[BlackFideId "6401783"]
[WhiteElo "2313"]
[BlackElo "2162"]
[Result "1-0"]
[Round "01"]
[TimeControl "180+2"]
[Date "2023.02.21"]
[WhiteClock "0:02:31"]
[BlackClock "0:01:37"]

1. e4 c5 2. Ne2 Nc6 3. Nbc3 g6 4. d4 cxd4 5. Nxd4 Bg7 6. Nde2 Nf6 7. g3 O-O 8. Bg2 d6 9. O-O a6 10. h3 Bd7 11. Nd5 Rc8 12. a4 Nxd5 13. exd5 Ne5 14. Ra2 Qc7 15. b3 Be8 16. c4 b5 17. cxb5 axb5 18. a5 b4 19. Be3 Bb5 20. f4 Nd3 21. Bb6 Qb7 22. Nd4 Nc5 23. Nxb5 1-0


[Site "https://www.chess.com"]